 Dungeon Crawl Stone Soup version 0.29.1-2-gbd0b4ee654 (webtiles) character file.

Game seed: 112318414290473837

430 ChickenMitten the Conjurer (level 6, -7/36 HPs)
             Began as an Octopode Conjurer on Nov 14, 2022.
             Was an Initiate of Gozag.
             Mangled by Pikel
             ... wielding a +2 whip of flaming
              (12 damage)
             ... on level 5 of the Dungeon.
             The game lasted 00:16:00 (6291 turns).

ChickenMitten the Conjurer (Octopode Conjurer)      Turns: 6291, Time: 00:16:01

Health: -7/36      AC:  1    Str:  6    XL:     6   Next: 99%
Magic:  0/12       EV: 13    Int: 23    God:    Gozag
Gold:   146        SH:  0    Dex: 10    Spells: 9/13 levels left

rFire   . . .      SeeInvis .   g - +2 whip (flame)
rCold   . . .      Faith    .   (no shield)
rNeg    . . .      Spirit   .   v - +0 hat
rPois   .          Reflect  .   (no amulet)
rElec   .          Harm     .   (no ring)
rCorr   .          Rampage  .   (no ring)
Will    .....                   (no ring)
Stlth   +++.......              (no ring)
HPRegen 0.12/turn               (no ring)
MPRegen 0.13/turn               (no ring)
                                (no ring)
                                (no ring)

@: fire susceptible
A: almost no armour, amphibious, 8 rings, camouflage 1, gelatinous body 1,
(nimble swimmer 1), tentacles
a: Renounce Religion, Potion Petition, Call Merchant, Bribe Branch


You were on level 5 of the Dungeon.
You worshipped Gozag.
Gozag was aware of your devotion.
You visited 1 branch of the dungeon, and saw 6 of its levels.

You collected 245 gold pieces.
You paid 99 gold pieces to Gozag.

Inventory:

Hand Weapons
 c - a +0 falchion
 g - a +2 whip of flaming (weapon)
 p - the +11 sling of the Seven Moons {flame, rPois Int+3}
   (You found it on level 3 of the Dungeon)

   Any ammunition fired from it burns those it strikes, dealing additional fire
   damage.
   Int:       It affects your intelligence (+3).
   rPois:     It protects you from poison.
Missiles
 b - 4 curare-tipped darts
 l - 2 throwing nets
Armour
 t - a +1 cloak
 v - a +0 hat (worn)
 w - a +2 pair of boots
Wands
 z - a wand of roots (6)
Scrolls
 f - 4 scrolls of teleportation {unknown}
 j - a scroll of blinking {unknown}
 k - a scroll of summoning {unknown}
 m - 4 scrolls of identify {unknown}
 n - 3 scrolls of enchant armour {unknown}
 o - a scroll of acquirement {unknown}
 q - 2 scrolls of vulnerability {unknown}
 s - a scroll of noise {unknown}
 y - a scroll of enchant weapon {unknown}
 A - a scroll of amnesia {unknown}
Potions
 a - a potion of magic
 d - 2 potions of attraction
 e - 2 potions of curing
 h - a potion of cancellation
 i - 2 potions of brilliance {unknown}
 r - a potion of heal wounds {unknown}
 u - 2 potions of invisibility {unknown}
 x - a potion of haste {unknown}
 B - a potion of ambrosia {unknown}


   Skills:
 * Level 2.9 Dodging
 - Level 2.6 Stealth
 * Level 4.1 Spellcasting
 * Level 6.6 Conjurations
 + Level 0.1 Necromancy


You had 9 spell levels left.
You knew the following spells:

 Your Spells              Type           Power      Damage    Failure   Level
a - Magic Dart            Conj           100%       1d8       1%          1
b - Searing Ray           Conj           70%        2d7       1%          2
c - Necrotise             Necr           20%        1d5       10%         1

Your spell library contained the following spells:

 Spells                   Type           Power      Damage    Failure   Level
 Dazzling Flash           Conj/Hex       38%        N/A       8%          3
 Apportation              Tloc           8%         N/A       11%         1
 Summon Small Mammal      Summ           16%        N/A       11%         1
 Fulminant Prism          Conj/Hex       9%         3d7       26%         4
 Iskenderun's Mystic Bla  Conj/Tloc      19%        2d6       26%         4
 Gell's Gravitas          Tloc           4%         N/A       30%         3
 Lesser Beckoning         Tloc           4%         N/A       30%         3
 Teleport Other           Tloc           4%         N/A       30%         3


Dungeon Overview and Level Annotations

Branches:
Dungeon (6/15)
 Temple: D:4-7

Altars:
Gozag
Kikubaaqudgha
Makhleb
Ignis

Annotations:
D:5 Pikel


Innate Abilities, Weirdness & Mutations

You cannot wear most types of armour.
You are amphibious.
You can wear up to eight rings at the same time.
Your skin changes colour to match your surroundings (Stealth+).
Your rubbery body absorbs attacks. (AC +1, EV +1)
((You are camouflaged when in or above water. (Stealth+)))
You have tentacles for arms and can constrict up to eight enemies at once.


Message History

You hit Pikel. Your grab misses Pikel. Your squeeze misses Pikel.
Pikel is moderately wounded.
Pikel closely misses you.
You hit Pikel. Your grab misses Pikel. Your squeeze misses Pikel.
Pikel is moderately wounded.
Pikel misses you.
You hit Pikel but do no damage. You grab Pikel. You squeeze Pikel.
Pikel is heavily wounded.
You constrict Pikel, but do no damage.
Pikel hits you with a +2 whip of flaming!
Pikel burns you.
Casting: Searing Ray (safe; 1% risk of failure)
Confirm with . or Enter, or press ? or * to list all spells.
You don't have enough magic to cast this spell.
Casting: Searing Ray (safe; 1% risk of failure)
Confirm with . or Enter, or press ? or * to list all spells.
Aiming: Magic Dart (safe; 1% risk of failure)
Press: ? - help, Shift-Dir - straight line, f - Pikel
Aim: Pikel, wielding a +2 whip of flaming and wearing a +0 robe of fire resistance (heavily wounded, constricted by you, 100% to hit)
The magic dart hits Pikel but does no damage.
Pikel is heavily wounded.
You constrict Pikel, but do no damage. Pikel barely misses you.
You hit Pikel but do no damage. You squeeze Pikel!
Pikel is severely wounded.
You constrict Pikel, but do no damage.
Pikel hits you with a +2 whip of flaming!
* * * LOW HITPOINT WARNING * * *
Pikel burns you.
* * * LOW HITPOINT WARNING * * *
It was a potion of curing.
You feel better.
You constrict Pikel, but do no damage.
Pikel hits you with a +2 whip of flaming!
* * * LOW HITPOINT WARNING * * *
Pikel burns you.
* * * LOW HITPOINT WARNING * * *
You release your grip on Pikel.
Pikel attacks as you move away!
Pikel hits you with a +2 whip of flaming!
You die...
Your body crumbles into a pile of gold.

#.....#.####...##
.............<..#
##..###.####...##
#..# #.# ##.##
#..###.# #.#
#......# #.#
##...#### ...
##.....## #.# ##
##@......# #.#
.#...####K........#
.......55.........+
.#...####.........#
... ##.......## $ .
##.....## ##...##
#+## #.#


You could see Pikel and 2 lemures.

Vanquished Creatures
  2 lemures (D:5)
  3 orc priests
  Ijyb (D:4)
  Robin (D:2)
  11 adders
  10 gnolls (D:2)
  An adder zombie (D:2)
  2 adder skeletons (D:2)
  A worm (D:2)
  4 dart slugs
  2 orcs (D:4)
  5 endoplasms
  7 giant cockroaches
  14 goblins
  3 hobgoblins
  12 jackals
  3 kobolds
  2 quokkas (D:2)
  4 ball pythons
  2 ball python skeletons (D:2)
  3 ball python zombies (D:2)
  5 bats
  A frilled lizard (D:3)
  2 quokka zombies (D:2)
  5 rats
106 creatures vanquished.

Vanquished Creatures (others)
  16 foxfires
  12 plants (D:3)
  11 withered plants (D:2)
39 creatures vanquished.

Grand Total: 145 creatures vanquished

Notes
Turn   | Place    | Note
-------+----------+-------------------------------------------
     0 | D:1      | ChickenMitten the Octopode Conjurer began the quest for the
                  | Orb.
     0 | D:1      | Reached XP level 1. HP: 11/11 MP: 3/3
   254 | D:1      | Reached XP level 2. HP: 17/17 MP: 3/5
   394 | D:1      | Found a faded altar of an unknown god.
   693 | D:1      | Prayed at the altar of an unknown god.
   693 | D:1      | Became a worshipper of Ignis, the Dying Flame
  1230 | D:2      | Reached XP level 3. HP: 15/21 MP: 0/6
  1433 | D:2      | Found an ancient bone altar of Kikubaaqudgha.
  1485 | D:2      | Reached skill level 5 in Conjurations
  1531 | D:2      | Reached XP level 4. HP: 27/27 MP: 2/7
  2110 | D:2      | Reached XP level 5. HP: 31/31 MP: 1/9
  2245 | D:2      | Learned a level 2 spell: Searing Ray
  2614 | D:2      | Noticed Robin
  2619 | D:2      | Killed Robin
  3238 | D:2      | Reached XP level 6. HP: 36/36 MP: 7/11
  3481 | D:2      | Reached skill level 6 in Conjurations
  3711 | D:3      | Found a burning altar of Makhleb.
  3712 | D:3      | Identified the +11 sling of the Seven Moons {flame, rPois
                  | Int+3}
  3723 | D:3      | Learned a level 1 spell: Necrotise
  4342 | D:3      | Found an opulent altar of Gozag.
  4995 | D:5      | Entered Level 5 of the Dungeon
  5203 | D:3      | Fell from the grace of Ignis
  5203 | D:3      | Became a worshipper of Gozag Ym Sagoz the Greedy
  5556 | D:4      | Noticed Ijyb
  5564 | D:4      | Killed Ijyb
  6273 | D:5      | Noticed Pikel
  6291 | D:5      | Mangled by Pikel

Illustrated notes

Levels and vault maps discovered:
D:1:      dpeg_arrival_rooms_b, layout_basic, basic_ecumenical_altar
D:2:      layout_basic, basic_altar, serial_undead, serial_undead_d,
          serial_undead_b, serial_undead_e, serial_undead_e, serial_undead_d,
          serial_undead_f, serial_undead_f, serial_undead_d, serial_undead_b,
          serial_undead_c, uniq_robin
D:3:      layout_basic, mainiacjoe_overflow_cross_hatched,
          lemuel_coloured_pillars_altar
D:4:      layout_cave_pods, uniq_ijyb
D:5:      layout_loops_corners, grunt_temple_overflow_open, serial_shops,
          nicolae_shop_bloodbath_and_beyond, kennysheep_generic_room_2,
          uniq_pikel, uniq_sigmund, uniq_grinder
D:6:      layout_loops_corners

Skill      XL: |  1  2  3  4  5  6 |
---------------+-------------------+-----
Conjurations   | 5 6 |  6.6
Spellcasting   | 3 4 |  4.1
Dodging        | |  2.9
Stealth        | |  2.6
Necromancy     | |  0.1

Action                   |  1- 3 |  4- 6 || total
-------------------------+-------+-------++-------
Melee: Unarmed           |     3 |       ||     3
       Tentacles         |     2 |     3 ||     5
       Constrict         |     1 |     4 ||     5
       Falchion          |     2 |       ||     2
       Whip              |       |    18 ||    18
 Cast: Magic Dart        |    48 |   173 ||   221
       Searing Ray       |       |    11 ||    11
       Necrotise         |       |     7 ||     7
Invok: Foxfire Swarm     |       |     2 ||     2
       Rising Flame      |       |     1 ||     1
       Fiery Armour      |       |     1 ||     1
  Use: Potion            |       |     3 ||     3
Armor: Skin              |       |     2 ||     2
Dodge: Dodged            |     8 |    38 ||    46
